 Dungeon Crawl Stone Soup version 0.32-a0-543-gefe97123c3 (webtiles) character file.

Game seed: 4364460667969838180

49 FetchTheRope the Grasshopper (level 3, -5/28 HPs)
             Began as a Coglin Warper on Feb 29, 2024.
             Slain by a gnoll
             ... wielding a +0 halberd
              (6 damage)
             ... on level 2 of the Dungeon.
             The game lasted 00:01:09 (1153 turns).

FetchTheRope the Grasshopper (Coglin Warper)        Turns: 1153, Time: 00:01:09

Health: -5/28      AC:  4    Str: 11    XL:     3   Next: 75%
Magic:  5/5        EV: 12    Int: 12    God:
Gold:   101        SH:  0    Dex: 15    Spells: 5/5 levels left

rFire   . . .        a - +0 falchion {Tae}
rCold   . . .        g - +1 dagger (venom) {Gottfried}
rNeg    . . .        b - +0 leather armour
rPois   .            (no helmet)
rElec   .            k - +0 cloak
rCorr   .            (no gloves)
SInv    .            (no boots)
Will    .....        (no amulet)
Stlth   +            (ring unavailable)
HPRegen 0.24/turn    (ring unavailable)
MPRegen 0.09/turn

%: no passive effects
@: revved
A: off-hand wielding, slow wielding, warmup strikes, no rings
a: no special abilities


You were on level 2 of the Dungeon.
You visited 1 branch of the dungeon, and saw 2 of its levels.

You collected 101 gold pieces.

Inventory:

Hand Weapons
 a - a +0 falchion (weapon) {Tae}
 g - a +1 dagger of venom (offhand) {Gottfried}
Missiles
 d - 7 darts of dispersal (quivered)
 j - 2 poisoned darts
Armour
 b - a +0 leather armour (worn)
 k - a +0 cloak (worn)
Scrolls
 c - a scroll of blinking {@r4}
 e - 2 scrolls of identify {unknown}
 h - a scroll of revelation {unknown}
Potions
 f - a potion of brilliance {unknown}
 i - a potion of curing {unknown}


   Skills:
 + Level 2.4 Fighting
 * Level 2.9 Long Blades
 - Level 0.8 Throwing
 + Level 1.5 Armour
 + Level 2.2 Dodging
 - Level 1.7 Spellcasting
 - Level 3.0 Translocations


You had 5 spell levels left.
You didn't know any spells.
Your spell library contained the following spells:

 Spells                   Type           Power      Damage    Failure   Level
 Blink                    Tloc           16%        N/A       16%         2
 Lesser Beckoning         Tloc           16%        N/A       16%         2
 Momentum Strike          Conj/Tloc      8%         3d8       30%         2
 Teleport Other           Tloc           8%         N/A       32%         3
 Manifold Assault         Tloc           8%         N/A       71%         4
 Vhi's Electric Charge    Tloc/Air       8%         N/A       89%         4


Dungeon Overview and Level Annotations

Branches:
Dungeon (2/15)

Altars:


Innate Abilities, Weirdness & Mutations

You can wield a second weapon in your off-hand.
It takes a long time for you to wield or remove held weapons.
Your first few attacks do less damage.
Your grasper-arms cannot wear rings.


Message History

The gnoll hits you with a +0 whip. The gnoll closely misses you.
The gnoll hits you but does no damage.
You closely miss the gnoll with your +0 falchion.
The gnoll is moderately wounded.
You hit the gnoll with your +1 dagger of venom.
The gnoll looks as sick as possible!
The gnoll closely misses you.
The gnoll hits you from afar with a +0 halberd.
The gnoll misses you.
You are too injured to fight recklessly!
You closely miss the gnoll with your +1 dagger of venom.
You barely miss the gnoll with your +0 falchion.
You kill the gnoll!
The gnoll hits you from afar with a +0 halberd.
The gnoll closely misses you.
You hit the gnoll with your +0 falchion.
The gnoll is lightly wounded.
You closely miss the gnoll with your +1 dagger of venom.
The gnoll hits you from afar with a +0 halberd!
* * * LOW HITPOINT WARNING * * *
You hit the gnoll with your +0 falchion.
The gnoll is moderately wounded.
You barely miss the gnoll with your +1 dagger of venom.
The gnoll barely misses you. The gnoll hits you with a +0 spear.
* * * LOW HITPOINT WARNING * * *
The gnoll closely misses you. The gnoll misses you.
The gnoll barely misses you. The gnoll hits you with a +0 whip.
* * * LOW HITPOINT WARNING * * *
You slash the gnoll with your +0 falchion!
The gnoll is severely wounded.
You hit the gnoll with your +1 dagger of venom.
The gnoll closely misses you. The gnoll hits you with a +0 spear.
* * * LOW HITPOINT WARNING * * *
The gnoll barely misses you.
You hit the gnoll with your +0 falchion.
The gnoll is almost dead.
You hit the gnoll with your +1 dagger of venom.
You kill the gnoll!
The gnoll barely misses you.
The gnoll hits you from afar with a +0 halberd.
You die...

#.................##.....##
...............#####...##
...........# ###.#
...........# .#
...........# ..
....#..)#### ..# ###...# #
###.#####... #.).@B......
....!#.g#g..... ##..!....
..... .......... ...#
........##.. ... .###....#
... .# ...... .... # ######
....


You could see 2 gnolls and a giant cockroach.

Vanquished Creatures
  2 gnolls (D:2)
  An adder (D:2)
  A dart slug (D:1)
  An endoplasm (D:1)
  2 hobgoblins (D:1)
  3 quokkas (D:1)
  6 ball pythons
  A bat (D:1)
  3 frilled lizards
  4 goblins (D:1)
  2 kobolds
  5 rats
31 creatures vanquished.

Notes
Turn   | Place    | Note
-------+----------+-------------------------------------------
     0 | D:1      | FetchTheRope the Coglin Warper began the quest for the Orb.
     0 | D:1      | Reached XP level 1. HP: 16/16 MP: 3/3
    19 | D:1      | Reached skill level 1 in Armour
   129 | D:1      | Reached XP level 2. HP: 16/22 MP: 4/4
   725 | D:1      | Reached XP level 3. HP: 27/27 MP: 5/5
  1152 | D:2      | HP: 1/28 [gnoll/+0 spear (3)]
  1153 | D:2      | Slain by a gnoll

Illustrated notes

Levels and vault maps discovered:
D:1:      dpeg_arrival_tiny_f, layout_basic
D:2:      layout_rooms, shapermc_ecumenical_altar_acropolis, basic_altar

Skill      XL: |  1  2 |
---------------+-------+-----
Armour         | 1 |  1.5
Dodging        | 2 |  2.2
Fighting       | |  2.4
Long Blades    | |  2.9
Throwing       | |  0.8
Spellcasting   | |  1.7
Translocations | |  3.0

Action                     || total
---------------------------++-------
  Melee: Falchion          ||    66
         Dagger            ||    34
 Armour: Leather armour    ||    43
  Dodge: Dodged            ||    49

Table legend: (Time is in decaauts)
 A = Elapsed time spent in this place.
 B = Non-inter-level travel time spent in this place.
 C = Inter-level travel time spent in this place.
 D = Time resting spent in this place.
 E = Time spent auto-exploring this place.
 F = Levels seen in this place.
 G = Mean time per level.
                   A        B        C        D        E       F      G
               +--------+--------+--------+--------+--------+-----+--------+
         Total |   1160 |   1155 |      5 |      0 |    979 |   2 |  580.0 |
       Dungeon |   1160 |   1155 |      5 |      0 |    979 |   2 |  580.0 |
               +--------+--------+--------+--------+--------+-----+--------+

Top non-repeatable levels by time:
     D:1: 1004 daAuts
     D:2: 155 daAuts
